 Dungeon Crawl Stone Soup version 0.29.1-15-g9cfb28693d (webtiles) character file.

Game seed: 15969543349577987409

5949 Libra00 the Grappler (level 10, -1/150 HPs)
             Began as a Troll Fighter on June 5, 2023.
             Was a Believer of Wu Jian.
             Slain by Grum
             ... wielding a -1 spear
              (15 damage)
             ... on level 9 of the Dungeon.
             The game lasted 00:26:35 (6829 turns).

Libra00 the Grappler (Troll Fighter)                Turns: 6829, Time: 00:26:35

Health: -1/150     AC: 29    Str: 30    XL:     10   Next: 54%
Magic:  9/9        EV:  1    Int:  4    God:    Wu Jian [**....]
Gold:   357        SH:  9    Dex:  9    Spells: 9/9 levels left

rFire   . . .      SeeInvis .     - Unarmed
rCold   . . .      Faith    .   b - +0 kite shield
rNeg    . . .      Spirit   .   (body armour currently unavailable)
rPois   +          Reflect  .   (helmet currently unavailable)
rElec   .          Harm     .   (cloak currently unavailable)
rCorr   .          Rampage  .   (gloves unavailable)
Will    .....      NoTele   +   (boots unavailable)
Stlth   +.........              B - amulet of the acrobat
HPRegen 1.15/turn               t - +4 ring of evasion
MPRegen 0.11/turn               n - +4 ring of protection

@: tree-form, acrobatic
A: stationary, stasis, torment immunity, boosted hp, large, unfitting armour,
(claws 3), regeneration 1, (shaggy fur 1), (tough skin 1)
a: Renounce Religion, Wall Jump


You were on level 9 of the Dungeon.
You worshipped Wu Jian.
Wu Jian was pleased with you.
You were a tree.
You visited 2 branches of the dungeon, and saw 10 of its levels.

You collected 581 gold pieces.
You spent 224 gold pieces at shops.

Inventory:

Hand Weapons
 a - a +0 whip of electrocution
Armour
 b - a +0 kite shield (worn)
 H - a +0 robe of willpower (melded)
 K - a +2 robe of cold resistance
Jewellery
 n - a +4 ring of protection (right branch)
 t - a +4 ring of evasion (left branch)
 B - an amulet of the acrobat (around neck)
 G - a ring of resist corrosion
Wands
 g - a wand of iceblast (13)
 v - a wand of flame (36)
 F - a wand of polymorph (14)
 J - a wand of digging (2)
Scrolls
 j - 2 scrolls of vulnerability {unknown}
 m - a scroll of fear {unknown}
 o - 5 scrolls of teleportation
 p - 2 scrolls of poison {unknown}
 q - 7 scrolls of enchant armour
 w - 6 scrolls of enchant weapon
 x - 3 scrolls of immolation
 y - 2 scrolls of blinking {unknown}
 z - a scroll of magic mapping {unknown}
 C - 3 scrolls of noise {unknown}
 D - a scroll of torment {unknown}
 E - a scroll of silence {unknown}
Potions
 c - a potion of might
 d - 4 potions of lignification
 f - 5 potions of flight
 h - 2 potions of attraction {unknown}
 i - a potion of mutation {unknown}
 k - a potion of magic {unknown}
 l - 2 potions of ambrosia {unknown}
 r - 2 potions of degeneration {unknown}
 s - 2 potions of heal wounds {unknown}
 u - a potion of brilliance {unknown}
 A - 2 potions of curing {unknown}


   Skills:
 + Level 6.8 Fighting
 + Level 4.6 Dodging
 + Level 7.5 Shields
 * Level 11.0 Unarmed Combat


You had 9 spell levels left.
You didn't know any spells.
Your spell library contained the following spells:

 Spells                   Type           Power      Damage    Failure   Level
 Foxfire                  Conj/Fire      0%         2x1d4     75%         1
 Necrotise                Necr           0%         1d4       75%         1
 Shock                    Conj/Air       0%         1d3       75%         1
 Call Canine Familiar     Summ           0%         N/A       98%         3
 Conjure Flame            Conj/Fire      0%         6-21      98%         3
 Inner Flame              Hex/Fire       0%         N/A       98%         3
 Portal Projectile        Hex/Tloc       0%         N/A       98%         3
 Swiftness                Air            0%         N/A       98%         3
 Vampiric Draining        Necr           0%         2d6       98%         3
 Airstrike                Air            0%         2d(0-16)  100%        4
 Flame Wave               Conj/Fire      0%         2d4       100%        4
 Leda's Liquefaction      Hex/Erth       0%         N/A       100%        4
 Agony                    Necr           0%         N/A       100%        5


Dungeon Overview and Level Annotations

Branches:
Dungeon (9/15)             Temple (1/1) D:4
   Lair: D:8-11         Orc: D:9-12

Altars:
Ashenzari
Cheibriados
Dithmenos
Elyvilon
Fedhas
Gozag
Hepliaklqana
Kikubaaqudgha
Makhleb
Nemelex Xobeh
Okawaru
Qazlal
Ru
Sif Muna
Trog
Uskayaw
Vehumet
Wu Jian
Xom
Yredelemnul
Zin
The Shining One

Shops:
D:9 ?

Portals:
Bailey: D:9

Annotations:
D:3 2 transporters, Seidenschwarz's ghost, amateur DECj
D:9 Grum


Innate Abilities, Weirdness & Mutations

You are a tree.
Your roots penetrate the ground, keeping you stationary.
You cannot be teleported.
You are immune to unholy pain and torment.
Your maximum health is greatly increased.
Your equipment is partially melded.
You are too large for most types of armour.
((You have claws for hands.))
Your natural rate of healing is unusually fast.
((You are covered in fur. (AC +1)))
((You have tough skin. (AC +1)))


Message History

The Council accepts your kill. You block the wolf's attack.
You block Grum's attack.
Your Unarmed Combat skill increases to level 11!
You smack the wolf!
The wolf is heavily wounded.
The wolf bites you but does no damage. You block Grum's attack.
The wolf bites you but does no damage.
You barely miss the wolf.
The wolf is heavily wounded.
You hear the steady creaking of a portcullis.
The wolf bites you.
* * * LOW HITPOINT WARNING * * *
Grum hits you from afar with a -1 spear.
* * * LOW HITPOINT WARNING * * *
You barely miss the wolf.
The wolf is heavily wounded.
The wolf bites you but does no damage.
Grum hits you from afar with a -1 spear!
* * * LOW HITPOINT WARNING * * *
You block the wolf's attack.
You closely miss the wolf.
The wolf is heavily wounded.
You block the wolf's attack.
Grum splashes around in the water.
Okay, then.
You hit the wolf.
The wolf is severely wounded.
The wolf bites you but does no damage. x2; You block Grum's attack.
You pummel the wolf!!
You kill the wolf!
The Council accepts your kill.
Grum is nearby!
Grum is nearby!
Grum is nearby!
Grum is nearby!
Grum is nearby!
Grum splashes around in the water.
You block Grum's attack.
Grum splashes around in the water.
Grum hits you from afar with a -1 spear!
You die...

# ... ....###
.......##### #
.......?...## ####
## #..~~~~~≈g..#
##..####.
##.~#####≈.†###
##..#..... #.
#...#≈†♣#.#
##.#######.
#.∩..~....# ##.##
##
#...#~)#..###.## #
.~#####~.....).##
# .~~~≈~~~.....).#
##
...............#
#.
##.#............#
##.
#.......###......#
#.. #.###...#
##.....# #.#


You could see Grum.

Vanquished Creatures
  A two-headed ogre (D:7)
  Joseph (D:8)
  The ghost of jurchenman the Thaumaturge, a novice DEFE of Vehumet (D:6)
  An unseen horror (D:8)
  Psyche (D:8)
  Grinder (D:3)
  A hornet (D:9)
  An acid dragon (D:9)
  A water moccasin (D:5)
  4 ice beasts
  A black bear (D:3)
  2 orc warriors (D:8)
  A sky beast (D:8)
  3 centaurs
  3 wolves (D:9)
  2 ogres
  7 bullfrogs
  2 necrophages
  4 scorpions
  8 wights
  4 howler monkeys
  2 jellies
  4 orc priests
  A hound (D:5)
  A gnoll bouda (D:5)
  5 iguanas
  6 orc wizards
  Natasha (thrice) (D:2)
  Robin (D:2)
  3 gnolls (D:5)
  9 adders
  4 white imps
  5 worms
  2 dart slugs
  22 orcs
  9 ball pythons
  4 bats
  4 endoplasms
  4 giant cockroaches
  19 goblins
  7 hobgoblins
  7 jackals
  A quokka (D:3)
  2 frilled lizards (D:2)
  5 kobolds
  3 rats
183 creatures vanquished.

Notes
Turn   | Place    | Note
-------+----------+-------------------------------------------
     0 | D:1      | Libra00 the Troll Fighter began the quest for the Orb.
     0 | D:1      | Reached XP level 1. HP: 22/22 MP: 0/0
   130 | D:1      | Reached XP level 2. HP: 29/29 MP: 1/1
   321 | D:1      | Found a faded altar of an unknown god.
   545 | D:1      | Reached XP level 3. HP: 35/36 MP: 2/2
   602 | D:2      | Reached skill level 3 in Unarmed Combat
   768 | D:2      | Noticed Robin
   790 | D:2      | Killed Robin
   791 | D:2      | Reached XP level 4. HP: 39/44 MP: 3/3
   847 | D:2      | Noticed Natasha
   853 | D:2      | Killed Natasha
   948 | D:2      | Noticed Natasha
   954 | D:2      | Killed Natasha
   990 | D:2      | Noticed Natasha
   999 | D:2      | Killed Natasha
  1000 | D:2      | Reached skill level 4 in Unarmed Combat
  1000 | D:2      | Reached XP level 5. HP: 36/53 MP: 4/4
  1121 | D:3      | Noticed a black bear
  1136 | D:3      | Killed a black bear
  1261 | D:3      | Found a transporter.
  1264 | D:3      | Noticed Seidenschwarz's ghost (amateur DECj)
  1266 | D:3      | Found a transporter.
  1287 | D:3      | Found a snail-covered altar of Cheibriados.
  1293 | D:3      | Reached XP level 6. HP: 61/61 MP: 5/5
  1380 | D:3      | Noticed Grinder
  1392 | D:3      | Paralysed by Grinder for 2 turns
  1400 | D:3      | Killed Grinder
  1401 | D:3      | Reached skill level 5 in Unarmed Combat
  1829 | D:4      | Reached XP level 7. HP: 44/68 MP: 6/6
  1935 | D:4      | Reached skill level 6 in Unarmed Combat
  2250 | D:4      | Found a staircase to the Ecumenical Temple.
  2255 | Temple   | Entered the Ecumenical Temple
  2502 | Temple   | Became a worshipper of the Wu Jian Council
  3204 | D:5      | Entered Level 5 of the Dungeon
  3260 | D:5      | Reached skill level 5 in Shields
  3260 | D:5      | Reached XP level 8. HP: 77/79 MP: 7/7
  3308 | D:5      | Reached skill level 7 in Unarmed Combat
  3624 | D:5      | Reached * piety under Wu Jian
  3714 | D:5      | Reached skill level 5 in Fighting
  4115 | D:6      | Reached skill level 8 in Unarmed Combat
  4417 | D:6      | Found a runed translucent door.
  4506 | D:6      | Noticed jurchenman's ghost (novice DEFE)
  4850 | D:6      | Reached XP level 9. HP: 81/88 MP: 8/8
  4854 | D:6      | Killed jurchenman's ghost
  4914 | D:7      | Reached skill level 9 in Unarmed Combat
  5276 | D:7      | Reached ** piety under Wu Jian
  5338 | D:7      | Noticed a two-headed ogre
  5358 | D:7      | Killed a two-headed ogre
  5794 | D:8      | Reached skill level 10 in Unarmed Combat
  5903 | D:8      | Found a sparkling altar of Nemelex Xobeh.
  5971 | D:8      | Noticed Joseph
  5978 | D:8      | Noticed Psyche
  5983 | D:8      | Killed Psyche
  5984 | D:8      | Reached XP level 10. HP: 75/100 MP: 9/9
  5994 | D:8      | Killed Joseph
  6643 | D:9      | Found Plog's Magic Scroll Emporium.
  6660 | D:9      | Bought a scroll of identify for 32 gold pieces
  6667 | D:9      | Bought a scroll of teleportation for 48 gold pieces
  6667 | D:9      | Bought a scroll of teleportation for 48 gold pieces
  6667 | D:9      | Bought a scroll of teleportation for 48 gold pieces
  6667 | D:9      | Bought a scroll of teleportation for 48 gold pieces
  6786 | D:9      | Found a flagged portal.
  6801 | D:9      | Noticed Grum
  6810 | D:9      | Paralysed by a hornet for 3 turns
  6820 | D:9      | Reached skill level 11 in Unarmed Combat
  6822 | D:9      | HP: 7/150 [Grum/-1 spear (10)]
  6829 | D:9      | Slain by Grum

Illustrated notes

Levels and vault maps discovered:
D:1:      onia_arrival_mini_spirals, layout_rooms,
          nicolae_ecumenical_snake_handling
D:2:      layout_rooms, hex_tiny, uniq_robin, uniq_natasha
D:3:      layout_loops_cross, cheibriados_altar_1, gammafunk_ghost_mausoleum,
          minmay_stone_trees_medium, hangedman_abyss_or_decor_stabs,
          minivault_4, uniq_grinder
D:4:      layout_cave_pods, minmay_temple_entry_nine_rooms,
          minmay_misc_feat_nine_boxes
D:5:      layout_loops_ring, serial_glass, glass_columns_a, glass_columns_a,
          glass_columns_a, glass_columns_a, glass_columns_a, glass_columns_a,
          minmay_misc_feat_columns
D:6:      layout_gridville, ebering_ghost_sewer_d, nicolae_figureground_pulse
D:7:      statuecave_lemuel, layout_loops_corners, kennysheep_generic_room_7
D:8:      layout_cave_pools, lemuel_doored_altar, uniq_joseph, uniq_psyche
D:9:      layout_layer_cave, serial_shops, shop_scrolls, enter_bailey_3,
          uniq_grum
Temple:   mainiacjoe_temple_big_plus

Skill      XL: |  1  2  3  4  5  6  7  8  9 10 |
---------------+-------------------------------+-----
Shields        | 3 4 5 6 7 |  7.5
Unarmed Combat | 3 4 5 6 8 10 11 | 11.0
Fighting       | 3 4 5 6 |  6.8
Dodging        | 3 4 |  4.6

Action                   |  1- 3 |  4- 6 |  7- 9 | 10-12 || total
-------------------------+-------+-------+-------+-------++-------
Melee: Unarmed           |   110 |   100 |   287 |   111 ||   608
Invok: Lunge             |       |       |    11 |     4 ||    15
       Whirlwind         |       |       |     1 |     4 ||     5
Evoke: Wand              |       |       |       |     1 ||     1
  Use: Scroll            |       |       |       |     5 ||     5
       Potion            |       |       |       |     1 ||     1
 Stab: Sleeping          |       |     2 |     1 |       ||     3
Armor: Robe              |    47 |    23 |    74 |    24 ||   168
       Skin              |       |       |       |    23 ||    23
Dodge: Dodged            |    40 |    26 |   110 |    58 ||   234
Block: Kite shield       |    43 |    28 |    92 |    41 ||   204
